Map: Beckett Industries LE

Players

PattyMac

  • Race: Protoss Protoss
  • League: Grandmaster

Astrea - Winner!

  • Race: Protoss Protoss
  • League: Master

Event: DreamHack SC2 Masters 2021 Summer

VOD

Have the link to the VOD?

Description

Time

  • Played on: May 27, 2021, 7:10 p.m.
  • Length: 6:52

All games in this series

Show
View Real Time Build Order
Export as new Build Order

PattyMac Protoss 

Build Orders: Phoenix Opening 

Get SALT Encoding   

  12  0:00  Probe  
  13  0:12  Probe  
  14  0:17  Pylon  
  14  0:24  Probe (Chrono Boost)  
  16  0:36  Probe (Chrono Boost), Gateway  
  16  0:41  Probe (Chrono Boost)  
  16  0:45  Assimilator  
  17  0:53  Probe (Chrono Boost)  
  17  0:54  Assimilator  
  18  1:05  Probe (Chrono Boost)  
  18  1:08  Gateway  
  19  1:13  Probe (Chrono Boost)  
  20  1:19  Probe  
  20  1:23  Cybernetics Core  
  21  1:31  Probe  
  22  1:35  Pylon  
  22  1:43  Probe  
  23  1:55  Probe  
  23  2:01  Stalker  
  26  2:04  Stalker  
  26  2:05  Warp Gate  
  26  2:07  Probe  
  29  2:18  Pylon  
  29  2:20  Probe  
  30  2:36  Sentry  
  32  2:41  Sentry  
  34  2:50  Nexus  
  34  3:00  Twilight Council  
  34  3:07  Probe  
  34  3:09  Sentry  
  37  3:16  Phoenix  
  37  3:20  Probe  
  38  3:32  Probe  
  39  3:47  Pylon  
  39  3:50  Gateway  
  39  3:58  Gateway  
  39  3:59  Gateway  
  39  4:02  Probe  
  39  4:05  Stalker  
  39  4:06  Blink (Chrono Boost)  
  39  4:07  Stalker  
  43  4:36  Probe  
  43  4:38  Pylon  
  43  4:40  Shield Battery  
  43  4:41  Stalker  
  43  4:42  Stalker  
  43  4:52  Probe x2  
  43  4:59  Stalker x2  
  44  5:12  Stalker  
  46  5:14  Stalker  
  46  5:19  Stalker x2 (Chrono Boost)  
  48  5:23  Stalker  
  48  5:24  Stalker  
  52  5:32  Pylon  
  52  5:37  Stalker  
  54  5:46  Stalker  
  56  5:53  Stalker  
  50  6:11  Stalker x2  
  50  6:15  Stalker  
  44  6:41  Stalker x3  
Show
View Real Time Build Order
Export as new Build Order

Astrea Protoss - Winner!

Build Orders: Phoenix Opening 

Get SALT Encoding   

  12  0:00  Probe  
  13  0:12  Probe  
  14  0:17  Pylon  
  14  0:24  Probe (Chrono Boost)  
  15  0:36  Probe (Chrono Boost)  
  15  0:37  Gateway  
  16  0:44  Probe (Chrono Boost)  
  16  0:46  Assimilator  
  17  0:51  Probe  
  17  0:54  Assimilator  
  18  1:03  Probe (Chrono Boost)  
  19  1:07  Gateway  
  19  1:13  Probe (Chrono Boost)  
  19  1:18  Probe (Chrono Boost)  
  20  1:24  Cybernetics Core  
  21  1:29  Probe  
  22  1:34  Pylon  
  22  1:41  Probe  
  23  1:53  Probe  
  24  1:59  Warp Gate (Chrono Boost)  
  24  2:01  Sentry, Stalker  
  28  2:05  Probe  
  29  2:11  Pylon  
  29  2:17  Probe  
  30  2:28  Stalker  
  32  2:30  Probe  
  32  2:32  Sentry  
  32  2:35  Phoenix  
  35  2:42  Probe  
  36  2:52  Nexus  
  36  2:57  Shield Battery  
  36  3:02  Sentry  
  38  3:10  Pylon  
  38  3:11  Probe  
  39  3:22  Phoenix  
  39  3:28  Probe  
  40  3:39  Twilight Council  
  40  3:40  Stalker x2  
  40  3:41  Probe (Chrono Boost)  
  45  3:52  Probe (Chrono Boost)  
  46  3:57  Probe (Chrono Boost)  
  47  4:04  Adept x2  
  47  4:05  Probe  
  47  4:07  Probe  
  53  4:18  Probe, Blink (Chrono Boost)  
  53  4:19  Probe  
  53  4:21  Pylon  
  55  4:30  Probe  
  54  4:31  Probe  
  54  4:32  Stalker  
  55  4:42  Probe  
  55  4:43  Probe  
  57  4:53  Robotics Facility  
  57  4:54  Probe  
  57  4:55  Probe  
  57  4:57  Stalker x2  
  63  5:01  Assimilator  
  63  5:06  Probe  
  60  5:09  Gateway  
  60  5:12  Gateway  
  60  5:14  Pylon  
  60  5:20  Stalker x2  
  64  5:23  Pylon  
  64  5:24  Phoenix  
  64  5:25  Shield Battery  
  64  5:35  Pylon  
  64  5:37  Probe x2  
  64  5:40  Forge  
  64  5:41  Observer (Chrono Boost)  
  67  5:44  Stalker  
  67  5:47  Stalker  
  67  5:49  Pylon  
  71  5:55  Observer, Immortal (Chrono Boost)  
  69  6:05  Stalker  
  69  6:12  Stalker x3  
  71  6:31  Stalker  
  67  6:35  Stalker x2  
  67  6:36  Zealot  
  67  6:38  Probe  
Tags
 
Add a new tag
Caveats
  • Supply blocks, unpowered buildings, or Contaminate may cause inaccurate times.
  • Supply counts are checked every 10 seconds.